 Dungeon Crawl Stone Soup version 0.31-a0-799-g6bc09d010c (webtiles) character file.

Game seed: 17798150722122635957

45 Shayle the Vexing (level 3, -4/35 HPs)
             Began as an Ogre Hexslinger on Sept 20, 2023.
             Slain by Sigmund
             ... wielding a +0 scythe
              (7 damage)
             ... on level 2 of the Dungeon.
             The game lasted 00:01:51 (1372 turns).

Shayle the Vexing (Ogre Hexslinger)                 Turns: 1372, Time: 00:01:51

Health: -4/35      AC:  3    Str: 12    XL:     3   Next: 64%
Magic:  6/6        EV: 10    Int: 16    God:
Gold:   66         SH:  0    Dex: 11    Spells: 6/6 levels left

rFire   . . .        a - +1 sling
rCold   . . .        (no shield)
rNeg    . . .        c - +0 robe
rPois   .            (helmet restricted)
rElec   .            (no cloak)
rCorr   .            (gloves unavailable)
SInv    .            (boots unavailable)
Will    .....        (no amulet)
Stlth   +            (no ring)
HPRegen 0.25/turn    (no ring)
MPRegen 0.10/turn

%: no passive effects
@: mighty
A: large, unfitting armour, tough skin 1
a: no special abilities


You were on level 2 of the Dungeon.
You visited 1 branch of the dungeon, and saw 2 of its levels.

You collected 66 gold pieces.

Inventory:

Hand Weapons
 a - a +1 sling (weapon)
Missiles
 e - 5 poisoned darts
Armour
 c - a +0 robe (worn)
 f - an orb of guile
Jewellery
 j - a ring of protection from fire
Scrolls
 b - a scroll of poison
 d - a scroll of immolation {unknown}
 g - a scroll of noise {unknown}
 h - 3 scrolls of identify {unknown}
 i - 3 scrolls of amnesia {unknown}
Potions
 k - 2 potions of curing {unknown}
 l - a potion of attraction {unknown}
 m - a potion of might


   Skills:
 + Level 2.3 Fighting
 - Level 1.3 Ranged Weapons
 + Level 0.8 Throwing
 + Level 2.2 Dodging
 + Level 2.0 Spellcasting
 - Level 2.6 Hexes
 + Level 1.6 Fire Magic


You had 6 spell levels left.
You didn't know any spells.
Your spell library contained the following spells:

 Spells                   Type           Power      Damage    Failure   Level
 Jinxbite                 Hex            20%        N/A       11%         2
 Sigil of Binding         Hex            10%        N/A       21%         3
 Inner Flame              Hex/Fire       8%         N/A       26%         3
 Cause Fear               Hex            5%         N/A       56%         4
 Dimensional Bullseye     Hex/Tloc       2%         N/A       75%         4


Dungeon Overview and Level Annotations

Branches:
Dungeon (2/15)

Altars:
Zin

Annotations:
D:2 Sigmund


Innate Abilities, Weirdness & Mutations

You are too large for most types of armour.
You have tough skin. (AC +1)


Message History

Sigmund flickers and vanishes!
Deactivating autopickup; reactivate with Ctrl-A.
There is a strange disturbance nearby!
No target in view!
No target in view!
No target in view!
Fire: a) +1 sling
Press: ? - help, Q - select action, (/) - cycle Shift-Dir - straight line You shoot a sling bullet.
Fire: a) +1 sling
Press: ? - help, Q - select action, (/) - cycle Shift-Dir - straight line You shoot a sling bullet.
Fire: a) +1 sling
Press: ? - help, Q - select action, (/) - cycle Shift-Dir - straight line You shoot a sling bullet.
You hear some strange, mumbled words.
Something tries to affect you, but you resist.
Something hits you!
Okay, then.
You aren't carrying any items that you can evoke.
Okay, then.
You shoot a sling bullet. Something completely misses you.
You shoot a sling bullet.
You hear some strange, mumbled words.
A puff of flame appears from out of thin air!
The puff of flame hits you!
You shoot a sling bullet. Something hits you.
You shoot a sling bullet. Something completely misses you.
You shoot a sling bullet. Something hits you.
You shoot a sling bullet. Something hits you!
* * * LOW HITPOINT WARNING * * *
You shoot a sling bullet.
You hear some strange, mumbled words.
A puff of flame appears from out of thin air!
The puff of flame hits you.
* * * LOW HITPOINT WARNING * * *
It was a potion of might.
You feel very mighty all of a sudden. Something hits you!
You die...

##.#### #### #.....#
###..##.### #.........#
#.#.##..#.# #
#.#.#.#.#.# ## #
#.#..###..# ##.
#...######.#.).#...###..
......{@.............'..
#....#####.........###..
#.. #####.#.### ##. #
#.### ## #.# #### #.#
#... #.######.##
#........# ######...##


There were no monsters in sight!

Vanquished Creatures
  A worm (D:2)
  A dart slug (D:2)
  5 ball pythons
  3 endoplasms
  3 giant cockroaches (D:1)
  A goblin (D:1)
  4 hobgoblins (D:1)
  4 jackals (D:1)
  5 kobolds
  3 bats
  2 frilled lizards (D:1)
  5 rats
37 creatures vanquished.

Notes
Turn   | Place    | Note
-------+----------+-------------------------------------------
     0 | D:1      | Shayle the Ogre Hexslinger began the quest for the Orb.
     0 | D:1      | Reached XP level 1. HP: 19/19 MP: 2/2
    74 | D:1      | Reached skill level 1 in Fire Magic
   157 | D:1      | Reached XP level 2. HP: 28/28 MP: 2/4
   584 | D:1      | Reached XP level 3. HP: 33/35 MP: 5/5
   880 | D:2      | Found a glowing silver altar of Zin.
  1358 | D:2      | Noticed Sigmund
  1372 | D:2      | Slain by Sigmund

Illustrated notes

Levels and vault maps discovered:
D:1:      dpeg_arrival_tiny_f, layout_basic, chequers_serial_rivers_micro_e
D:2:      layout_loops_corners, basic_altar, nicolae_grassy_gnolls, uniq_sigmund

Skill      XL: |  1  2  3 |
---------------+----------+-----
Fire Magic     | 1 |  1.6
Dodging        | 2 |  2.2
Fighting       | 2 |  2.3
Spellcasting   | 2 |  2.0
Ranged Weapons | |  1.3
Throwing       | |  0.8
Hexes          | |  2.6

Action                     || total
---------------------------++-------
   Fire: Sling             ||   136
    Use: Potion            ||     1
 Armour: Robe              ||    55
  Dodge: Dodged            ||    37

Table legend: (Time is in decaauts)
 A = Elapsed time spent in this place.
 B = Non-inter-level travel time spent in this place.
 C = Inter-level travel time spent in this place.
 D = Time resting spent in this place.
 E = Time spent auto-exploring this place.
 F = Levels seen in this place.
 G = Mean time per level.
                   A        B        C        D        E       F      G
               +--------+--------+--------+--------+--------+-----+--------+
         Total |   1417 |   1384 |     33 |      0 |   1115 |   2 |  708.5 |
       Dungeon |   1417 |   1384 |     33 |      0 |   1115 |   2 |  708.5 |
               +--------+--------+--------+--------+--------+-----+--------+

Top non-repeatable levels by time:
     D:1: 854 daAuts
     D:2: 563 daAuts
